AoeStats
← Shoggi

Oasis

509689101Analyzed
4v4 RM · 4d ago on Sep 27, 2026· 36m 27s· 8 players
Game mode
Random Map
Map size
Large (8 player)
Population
200
Speed
Normal
Resources
Standard
Victory
Conquest
Starting age
Dark Age
Ending age
Imperial Age
RankedLock teamsTeams togetherTeam positionsShared explorationLock speedFull tech treeHidden civsTurbo modeCheats
Victory
Defeat
🇨🇭 Persians · Switzerland
1512
+8
🇨🇭 Maya · Switzerland
1437
+11
🇨🇭 Mongols · Switzerland
1206
+20
🇨🇭 Vietnamese · Switzerland
1170
+20
🇫🇮 Mongols · Finland
1319
-15
🇬🇪 Gurjaras · Georgia
1315
-15
🇹🇼 Persians · Taiwan
1303
-15
🇧🇩 Franks · Bangladesh
1292
-14
野豬騎士來囉
2:07 Loom
9:38 Feudal Age
22:53 Castle Age
21:25 Scale Barding Armor
21:27 Double-Bit Axe
21:39 Horse Collar
23:09 Bloodlines
23:39 Chain Barding Armor
24:01 Forging
25:50 Iron Casting
25:42 Bow Saw
25:34 Heavy Plow
34:35 Imperial Age
33:04 Husbandry
Gunslinger
kim.henrik.himanen69
4:07 Loom
7:36 Loom
9:21 Feudal Age
14:13 Castle Age
14:31 Bloodlines
14:52 Double-Bit Axe
15:14 Gold Mining
15:55 Scale Barding Armor
20:46 Forging
22:50 Husbandry
23:56 Chain Barding Armor
28:36 Bow Saw
30:50 Fletching
32:12 Bodkin Arrow
33:04 Padded Archer Armor
35:13 Ballistics
36:01 Murder Holes
torkiel
Zuff
7:01 Loom
9:38 Feudal Age
10:18 Double-Bit Axe
17:12 Fletching
20:21 Horse Collar
24:16 Castle Age
23:33 Stone Mining
23:34 Gold Mining
24:24 Wheelbarrow
24:21 Crossbowman
25:04 Bodkin Arrow
26:29 Bow Saw
29:38 Arson
30:26 Ballistics
38:47 Imperial Age
Meynar
10:00 Feudal Age
14:22 Castle Age
12:12 Horse Collar
13:02 Double-Bit Axe
14:57 Loom
17:56 Wheelbarrow
20:54 Bow Saw
23:50 Scale Barding Armor
27:01 Imperial Age
24:47 Stone Mining
25:39 Chain Barding Armor
25:12 Gold Mining
26:11 Hand Cart
26:57 Gold Shaft Mining
26:48 Forging
27:06 Bloodlines
27:06 Husbandry
26:57 Cavalier
31:04 Plate Barding Armor
31:26 Savar
33:04 Conscription
35:29 Iron Casting
35:28 Heavy Plow
37:47 Blast Furnace
Damzleboss
10:05 Feudal Age
12:04 Double-Bit Axe
12:52 Bloodlines
21:07 Castle Age
19:33 Horse Collar
23:01 Wheelbarrow
24:41 Heavy Plow
26:43 Forging
26:39 Scale Barding Armor
27:37 Husbandry
33:25 Bow Saw
33:33 Hand Cart
37:27 Imperial Age
36:04 Iron Casting
35:56 Chain Barding Armor
Shoggi
0:26 Loom
9:03 Feudal Age
9:39 Double-Bit Axe
14:19 Fletching
16:49 Padded Archer Armor
21:13 Castle Age
21:37 Crossbowman
22:13 Bodkin Arrow
22:50 Gold Mining
22:42 Horse Collar
23:13 Bow Saw
24:11 Ballistics
32:51 Imperial Age
31:37 Leather Archer Armor
33:34 Bracer
35:02 Chemistry
34:47 Arbalester
36:12 Thumb Ring
Connection lost

Rejoining the realm…

Still unreachable

The connection could not be restored.

Session expired

The server has moved on; the page needs a fresh start.